[Event "Betsys MČR v online bleskovém šachu 2021"]
[Site "Chess.com"]
[Date "2021.04.17"]
[Round "9"]
[White "elftom"]
[Black "TommyLud"]
[Result "0-1"]
[WhiteElo "1967"]
[BlackElo "2169"]
[TimeControl "180+1"]
[EndTime "10:31:00 PDT"]
[Termination "Uživatel TommyLud zvítězil na čas"]

1. c4 e6 2. e4 d5 3. cxd5 exd5 4. exd5 Nf6 5. Bb5+ Bd7 6. Bc4 Be7 7. Nc3 O-O 8.
Nge2 Bg4 9. h3 Bh5 10. O-O Nbd7 11. d4 Nb6 12. Bb3 Nbxd5 13. Nxd5 Nxd5 14. a3 c6 15. Qd3 Bg6 16. Qf3 Bf6 17. Rd1 Re8 18. Bxd5 cxd5 19. Nf4 Be4 20. Qg3 Qb6 21. b4 Bxd4 22. Rb1 Rad8 23.
Rxd4 Bxb1 24. Bb2 Bg6 25. Nxd5 Qe6 26. Nc7 Qe1+ 27. Kh2 Rxd4 28. Nxe8 Rd1 29. Qb8 Qg1+ 30. Kg3 Rd3+ 31. f3 Qe1+ 32. Kh2 f6 33. Nd6+ Be8 34. Nxe8 Kf7 35. Nc7 Qe2 36. Qxb7 Kg6 37. Bc1 Rd1 38. Bf4 Qc4 39. Qc8 Qxf4+ 0-1

[Event "Betsys MČR v online bleskovém šachu 2021"]
[Site "Chess.com"]
[Date "2021.04.17"]
[Round "9"]
[White "jhdghaka"]
[Black "Drak1961"]
[Result "1-0"]
[WhiteElo "1890"]
[BlackElo "2057"]
[TimeControl "180+1"]
[EndTime "10:31:01 PDT"]
[Termination "Uživatel jhdghaka zvítězil na čas"]

1. e4 c5 2. Nf3 Nc6 3. Bb5 g6 4. O-O Bg7 5. Re1 e6 6. c3 Nge7 7. d4 cxd4 8. cxd4 O-O 9. Nc3 a6 10. Bf1 d6 11. g3 Bd7 12. Bg2 Rc8 13. Be3 b5 14. Rc1 Na5 15. b3 Nac6 16. Qd2 Qa5 17. d5 Ne5 18. dxe6 Nxf3+ 19. Bxf3 Bxc3 20. Rxc3 Qxc3 21. Qxc3 Rxc3 22. exd7 Nc6 23. Bb6 Ne5 24. Bg2 Nxd7 25. Ba5 Rc2 26. Rd1 Rxa2 27. Bb4 a5 28. Bxd6 Rc8 29. e5 Nf8 30. Bb7 Rd8 31. Bc6 b4 32. Bd5 Ne6 33. Bc4 Rc8 34. Rd5 Kg7 35. Rb5 a4 36. Rxb4 axb3 37. Bxb3 Rb2 38. Rb7 Kg8 39.
Bd5 Rxb7 40. Bxb7 1-0

[Event "Betsys MČR v online bleskovém šachu 2021"]
[Site "Chess.com"]
[Date "2021.04.17"]
[Round "9"]
[White "Figo5144"]
[Black "MaTpAt113"]
[Result "0-1"]
[WhiteElo "572"]
[BlackElo "855"]
[TimeControl "180+1"]
[EndTime "10:31:02 PDT"]
[Termination "Uživatel MaTpAt113 zvítězil na čas"]

1. e4 c6 2. d4 d5 3. e5 Bf5 4.
g4 Bg6 5. Nc3 e6 6. Be2 c5 7. Be3 c4 8. Nf3 Nc6 9. h3 Be4 10. O-O Be7 11. a3 Nh6 12. Qd2 O-O 13. Bxh6 gxh6 14. Qxh6 Kh8 15. Qe3 Rg8 16. Nxe4 dxe4 17.
Qxe4 Bh4 18. Nxh4 Qxh4 19. Qg2 Nxd4 20. Bd1 Rad8 21. c3 Nc6 22. Bf3 Nxe5 23. Rae1 Nd3 24.
Re4 e5 25. Rxc4 Nf4 26. Rxf4 exf4 27. Bxb7 Rb8 28. Bf3 Rxb2 29. c4 Rb3 30. c5 Rxa3 31.
c6 Ra5 32. c7 Rb5 33. c8=Q Rc5 34. Qxg8+ Kxg8 35. Bb7 Kg7 36. g5 Rc3 37. g6 Rxh3 38. Qxh3 Qxh3 39. f3 Qg3+ 40. Kh1 Qh3+ 41. Kg1 Qg3+ 0-1

[Event "Betsys MČR v online bleskovém šachu 2021"]
[Site "Chess.com"]
[Date "2021.04.17"]
[Round "9"]
[White "karimaster100"]
[Black "Krvelacny_krecek"]
[Result "1-0"]
[WhiteElo "2269"]
[BlackElo "2374"]
[TimeControl "180+1"]
[EndTime "10:31:04 PDT"]
[Termination "Uživatel karimaster100 zvítězil na čas"]

1. Nf3 d5 2. g3 Nf6 3. Bg2 c6 4. O-O Bf5 5. d3 e6 6. Nbd2 h6 7.
c4 Nbd7 8. b3 Bd6 9. Bb2 Bh7 10.
Re1 O-O 11. Qc2 e5 12. e4 d4 13. Rf1 a5 14. a3 Ne8 15. Nh4 Nc7 16. Bh3 Ne6 17.
Ndf3 Bc7 18. Nf5 Bxf5 19. Bxf5 g6 20. Bh3 Kg7 21. b4 Qe7 22. c5 f5 23. exf5 gxf5 24. Rae1 Qf6 25. Nh4 Qg5 26. Kh1 Rf6 27. f4 exf4 28.
Rxe6 Rxe6 29. Nxf5+ Kh8 30. Nxd4 Re5 31. Nf3 Qh5 32.
Bxd7 fxg3 33. Nxe5 Bxe5 34. Rf5 g2+ 35. Qxg2 Qd1+ 36.
Rf1 Qh5 37. Bxe5+ Qxe5 38. Qe4 Qxe4+ 39. dxe4 axb4 40. axb4 Rd8 41. Rf7 Kg8 42. Re7 Kf8 43.
Rh7 Ra8 44. Bf5 Ra1+ 45. Kg2 Ra7 46. Kg3 Ra3+ 47. Kf4 Ra7 48. Ke5 1-0

[Event "Betsys MČR v online bleskovém šachu 2021"]
[Site "Chess.com"]
[Date "2021.04.17"]
[Round "9"]
[White "FrantisekP"]
[Black "milanpetras"]
[Result "0-1"]
[WhiteElo "1635"]
[BlackElo "1847"]
[TimeControl "180+1"]
[EndTime "10:31:04 PDT"]
[Termination "Uživatel milanpetras zvítězil matem"]

1. d4 d5 2. Bf4 h5 3. h3 g6 4. e3 Bg7 5. Nf3 c5 6. c3 Qb6 7.
Qc2 Bf5 8. Qb3 c4 9. Qxb6 axb6 10. Nbd2 b5 11. Be2 Nf6 12. Bxb8 Rxb8 13. O-O Nd7 14. a3 O-O 15. Nh4 Be6 16. f4 Bf6 17. Nhf3 Nb6 18. Ne5 Bf5 19. b4 Na4 20. Rfc1 Ra8 21. Bd1 Rfd8 22.
Kf2 Rd6 23. g4 hxg4 24. hxg4 Be4 25. Nxe4 dxe4 26. g5 Bxe5 27. fxe5 Rda6 28. Rc2 Nb6 29. Rca2 Nd5 30. a4 Nxc3 31. Ra3 Nxd1+ 32. Rxd1 Rxa4 33.
Rxa4 Rxa4 34. Rb1 Ra2+ 35. Kg3 Kf8 36. Kf4 Ke8 37. Kxe4 Kd7 38. d5 Rg2 39. Kd4 Rxg5 40. e4 e6 41. d6 Rg3 42. Ra1 b6 43. Rc1 Rd3# 0-1

[Event "Betsys MČR v online bleskovém šachu 2021"]
[Site "Chess.com"]
[Date "2021.04.17"]
[Round "9"]
[White "Jeff_CZE"]
[Black "Michaela1994"]
[Result "0-1"]
[WhiteElo "1833"]
[BlackElo "1652"]
[TimeControl "180+1"]
[EndTime "10:31:06 PDT"]
[Termination "Uživatel Michaela1994 zvítězil na čas"]

1. d4 e6 2. c4 f5 3. g3 Nf6 4. Bg2 c6 5. Nc3 d5 6. cxd5 cxd5 7. Nf3 Nbd7 8. Ne5 Be7 9. O-O O-O 10. Bd2 Nxe5 11. dxe5 Ng4 12. f4 Bc5+ 13. e3 Bxe3+ 14.
Bxe3 Nxe3 15. Qb3 Nxf1 16. Rxf1 Qc7 17. Nb5 Qc5+ 18. Kh1 Bd7 19. Nd6 b6 20. Qf3 Bb5 21. Re1 Qb4 22. Qf2 Bc4 23. b3 Bb5 24. Bh3 Rab8 25. g4 fxg4 26. Bxg4 Bc6 27. Bxe6+ Kh8 28. h4 Qxf4 29. Qxf4 Rxf4 30. Nf7+ Rxf7 31. Bxf7 Rf8 32. e6 h6 33. Kh2 d4 34. Kg3 Be8 35. Bxe8 Rxe8 36.
Kf3 Kg8 37. Re4 d3 38. Ke3 Kf8 39. Kxd3 Ke7 40. Rg4 Rg8 41. Ra4 Ra8 42. Re4 Kd6 43. Kc4 Re8 44. Rg4 Re7 45. Rg6 Rc7+ 0-1

[Event "Betsys MČR v online bleskovém šachu 2021"]
[Site "Chess.com"]
[Date "2021.04.17"]
[Round "9"]
[White "machonza"]
[Black "Chessillusion213"]
[Result "1-0"]
[WhiteElo "2008"]
[BlackElo "2144"]
[TimeControl "180+1"]
[EndTime "10:31:07 PDT"]
[Termination "Uživatel machonza zvítězil na čas"]

1. e4 c5 2. Nf3 Nc6 3. Bb5 g6 4. O-O Bg7 5. Re1 Nf6 6. Nc3 O-O 7. e5 Ne8 8. Bxc6 dxc6 9. h3 Nc7 10. Ne4 Ne6 11. d3 b6 12. a4 Nd4 13. a5 Bf5 14.
Ng3 Be6 15. Ng5 h6 16. Nxe6 Nxe6 17. f4 Nd4 18. c3 Nf5 19. Nxf5 gxf5 20. Qh5 e6 21. Re3 Kh7 22. g4 fxg4 23. hxg4 f6 24. f5 Qe8 25. exf6 Qxh5 26. gxh5 Bxf6 27. Rxe6 Rad8 28.
axb6 axb6 29. Ra7+ Kh8 30. Bxh6 Rg8+ 31. Kf2 Bh4+ 32. Ke3 Rg3+ 33. Ke4 Rgxd3 34. Bf4 R3d7 35. Be5+ Kg8 36. Rg6+ Kh7 37. Rg7+ Rxg7 38. Rxg7+ Kh6 39.
f6 Kxh5 40. f7 Rf8 41. Kf5 Kh6 42. Ke6 Bd8 43. Rg8 1-0

[Event "Betsys MČR v online bleskovém šachu 2021"]
[Site "Chess.com"]
[Date "2021.04.17"]
[Round "9"]
[White "jankrelina07"]
[Black "trosecnik"]
[Result "1-0"]
[WhiteElo "1639"]
[BlackElo "1824"]
[TimeControl "180+1"]
[EndTime "10:31:08 PDT"]
[Termination "Uživatel jankrelina07 zvítězil na čas"]

1. d4 d5 2. Bf4 e6 3. e3 Nf6 4. Bd3 Be7 5. c3 Nbd7 6. Nf3 b6 7. Nbd2 c5 8. Qc2 Bb7 9. Ne5 Nh5 10. Nxd7 Qxd7 11. Bg3 Nxg3 12. hxg3 h6 13. b3 Rc8 14. Nf3 Bf6 15. Qe2 Ke7 16. Qd2 Rc7 17. O-O c4 18. bxc4 dxc4 19. Be2 g5 20. Qb2 Qd6 21. Rad1 h5 22.
Nh2 Bg7 23. Qc2 f5 24. e4 Bxe4 25. Qd2 Bh6 26. Qe1 h4 27. Bf3 Bxf3 28. Nxf3 hxg3 29. fxg3 Bg7 30. Qf2 Bf6 31. Rde1 Kf8 32. Nd2 Rch7 33. Qe3 Rh1+ 34. Kf2 Rxf1+ 35. Rxf1 Kf7 36. Re1 Qd5 37. Nf3 f4 38. gxf4 gxf4 39. Qxf4 Ke7 40. Qg4 Rf8 41.
Ne5 Bxe5+ 42. Kg1 Bf6 43. Qg6 Qg5 44. Qe4 Kf7 45. Qxe6+ Kg7 46. Re4 1-0

[Event "Betsys MČR v online bleskovém šachu 2021"]
[Site "Chess.com"]
[Date "2021.04.17"]
[Round "9"]
[White "fortale"]
[Black "DenryS"]
[Result "0-1"]
[WhiteElo "2317"]
[BlackElo "2170"]
[TimeControl "180+1"]
[EndTime "10:31:09 PDT"]
[Termination "Uživatel DenryS zvítězil po vzdání soupeře"]

1. e4 c5 2. Nf3 Nc6 3. d4 cxd4 4. Nxd4 Nf6 5. Nc3 g6 6. Nxc6 bxc6 7. e5 Ng8 8. Bc4 Qa5 9. Qd4 Bg7 10. f4 Nh6 11. O-O Nf5 12. Qf2 h5 13. Bd3 d6 14.
Bxf5 Bxf5 15. exd6 exd6 16. Be3 O-O 17. Bd4 Bxd4 18. Qxd4 Rab8 19. b3 d5 20. Rf2 Rfe8 21. h3 c5 22. Qd2 d4 23. Nd5 Qd8 24. c4 Be4 25. Rc1 Bxd5 26. cxd5 Qxd5 27. Qa5 Rbc8 28. f5 gxf5 29. Rcf1 Re5 30. Qxa7 d3 31. Qa5 Rd8 32.
Qd2 Qd4 33. Qg5+ Kf8 34. Kh1 d2 35. Rxf5 Rxf5 36. Qxf5 Rd7 37. Rd1 Rd5 38. Qf3 Re5 39. Kh2 Re3 40. Qxh5 Qd6+ 41. Kg1 Re1+ 42. Kf2 Qf4+ 43.
Qf3 Qxf3+ 44. gxf3 Rxd1 45. Ke2 Ra1 46. Kxd2 Rxa2+ 47. Kc3 Rf2 48. Kc4 Rxf3 49. h4 Rh3 0-1

[Event "Betsys MČR v online bleskovém šachu 2021"]
[Site "Chess.com"]
[Date "2021.04.17"]
[Round "9"]
[White "vozmenmarcel"]
[Black "veronikam"]
[Result "1-0"]
[WhiteElo "1863"]
[BlackElo "1489"]
[TimeControl "180+1"]
[EndTime "10:31:10 PDT"]
[Termination "Uživatel vozmenmarcel zvítězil na čas"]

1. e4 c5 2. Nc3 e6 3. g3 a6 4. Bg2 Nc6 5. d3 g6 6. f4 Bg7 7. e5 Nge7 8. Ne4 d5 9. exd6 Nd5 10. c3 f5 11. Nxc5 Qxd6 12. Nb3 O-O 13. Ne2 b5 14. d4 Bb7 15. O-O Rac8 16. Nc5 Ba8 17. Nxa6 Na5 18.
Nc5 Nc4 19. Qd3 Ndb6 20. b3 Bxg2 21. Kxg2 Rxc5 22. bxc4 Qc6+ 23. Rf3 Rxc4 24. Ba3 Rc8 25. Bc5 Rd8 26. Bxb6 Qxb6 27. Rb1 Qa6 28. Rb2 Qa3 29. Qb1 Rb8 30. Rxb5 Rxb5 31. Qxb5 Qxa2 32. Qe8+ Bf8 33. Qxe6+ Kh8 34. Re3 Ra4 35. Qxa2 Rxa2 36. Re8 Kg7 37. Kf3 Kf7 38. Rc8 Bd6 39. Ke3 Ke6 40. Kd3 Kf6 41. Rc6 Ke6 42. c4 Kd7 43. Rb6 Kc7 44. c5 Bf8 45.
Re6 Kd7 46. Re3 Kc6 47. Re6+ Kd7 48. Re5 Kc6 49. Nc3 1-0

[Event "Betsys MČR v online bleskovém šachu 2021"]
[Site "Chess.com"]
[Date "2021.04.17"]
[Round "9"]
[White "psvoboda72"]
[Black "Richter_Rudolf"]
[Result "0-1"]
[WhiteElo "1701"]
[BlackElo "1431"]
[TimeControl "180+1"]
[EndTime "10:31:11 PDT"]
[Termination "Uživatel Richter_Rudolf zvítězil matem"]

1. Nf3 c5 2. b3 e6 3. Bb2 Nf6 4.
e3 d5 5. Bb5+ Bd7 6. Bxd7+ Nbxd7 7. Ne5 Nxe5 8. Bxe5 Bd6 9. f4 Bxe5 10. fxe5 Ne4 11. O-O Qg5 12. Qf3 f6 13. d3 Qxe5 14.
dxe4 dxe4 15. Qe2 Qxa1 16. Qb5+ Ke7 17. Qxb7+ Kd6 18. Rd1+ Ke5 19. Qc7+ Kf5 20. Qf4+ Kg6 21. Qxe4+ f5 22. Qxe6+ Qf6 23. Qc6 Qxc6 24. Rf1 Rhe8 25. Rf3 Re7 26. Nd2 Rae8 27. Kf2 Rxe3 28. Rxe3 Rxe3 29. Kxe3 Qe6+ 30. Kf3 Qe5 31. Nc4 Qe4+ 32. Kf2 f4 33. Nd2 Qxc2 34. Ke2 Qxa2 35. Kd3 f3 36. gxf3 a5 37. f4 a4 38. Kc3 axb3 39. Nxb3 Qa3 40.
Kc4 Qb4+ 41. Kd5 Qxb3+ 42. Ke5 c4 43. f5+ Kf7 44. Kd4 c3 45. Ke5 c2 46. Kf4 c1=Q+ 47.
Kg4 Qbc4+ 48. Kh5 Qd1+ 49. Kg5 h6# 0-1

[Event "Betsys MČR v online bleskovém šachu 2021"]
[Site "Chess.com"]
[Date "2021.04.17"]
[Round "9"]
[White "MrNikdo"]
[Black "TrickyPeat"]
[Result "1-0"]
[WhiteElo "2058"]
[BlackElo "2184"]
[TimeControl "180+1"]
[EndTime "10:31:13 PDT"]
[Termination "Uživatel MrNikdo zvítězil na čas"]

1. e4 d5 2. exd5 Qxd5 3. Nc3 Qd6 4. Bc4 Nf6 5. Nf3 Nc6 6. d4 e6 7. Bg5 Be7 8. Qd2 a6 9. O-O O-O 10. Rad1 b5 11. Bd3 Bb7 12. a3 Rad8 13. Bxf6 Bxf6 14. Ne4 Qe7 15. Nc5 Bc8 16. c3 e5 17. Rfe1 Rfe8 18. Re2 Qf8 19. Be4 Na5 20. Qc2 exd4 21. Bxh7+ Kh8 22.
Rxe8 Rxe8 23. b4 Nc4 24. cxd4 g6 25. Bxg6 fxg6 26. Qxg6 Re7 27. Rd3 Rg7 28. Qh5+ Rh7 29.
Qg6 Qf7 30. Qe4 Nd6 31. Qa8 Kg7 32. Ne5 Qh5 33. Rg3+ Bg5 34. h3 Nf5 35. Rg4 Ne7 36. Rg3 Bf5 37. Qd8 Kf6 38. Nf3 Bf4 39. Nd7+ Bxd7 40.
Qxd7 Bxg3 41. fxg3 Qf5 42. Qxc7 Qb1+ 43. Kh2 Qe4 44.
Qd6+ 1-0

[Event "Betsys MČR v online bleskovém šachu 2021"]
[Site "Chess.com"]
[Date "2021.04.17"]
[Round "9"]
[White "kaprasov"]
[Black "SamikGame"]
[Result "1-0"]
[WhiteElo "1871"]
[BlackElo "1671"]
[TimeControl "180+1"]
[EndTime "10:31:14 PDT"]
[Termination "Uživatel kaprasov zvítězil na čas"]

1. d4 d5 2. Bf4 Nf6 3. e3 e6 4.
Nd2 Bd6 5. Bg3 O-O 6. Ngf3 b6 7. Bd3 Bb7 8. c3 Ne4 9. Bxd6 Qxd6 10. Ne5 Nxd2 11.
Qxd2 f6 12. Nf3 c5 13. Qc2 h6 14. Bh7+ Kh8 15. Nh4 f5 16. Bg6 Nd7 17. f4 cxd4 18. cxd4 Rac8 19. Qd2 Rc7 20. Bh5 Rfc8 21. Bd1 Nf6 22. O-O Ne4 23. Qe2 Qb4 24. Bb3 a5 25. Qe1 Qxe1 26. Rfxe1 g5 27. fxg5 hxg5 28. Ng6+ Kg7 29.
Ne5 Bc6 30. Rac1 Nd2 31. Rc2 Nxb3 32. axb3 Be8 33. Rxc7+ Rxc7 34. Re2 Bb5 35. Rd2 f4 36. Kf2 fxe3+ 37. Kxe3 Kf6 38. h3 Be8 39. Rf2+ Kg7 40. Rd2 Kf6 41. g3 Bg6 42. Ng4+ Kg7 43. Ne5 Kf6 44.
Rf2+ Kg7 45. h4 gxh4 46. gxh4 Re7 47. Rg2 Kf8 48. Nxg6+ Kf7 49. Nxe7 Kxe7 50. h5 Kd6 51. h6 1-0

[Event "Betsys MČR v online bleskovém šachu 2021"]
[Site "Chess.com"]
[Date "2021.04.17"]
[Round "9"]
[White "bezzuton"]
[Black "conysek"]
[Result "0-1"]
[WhiteElo "1544"]
[BlackElo "2124"]
[TimeControl "180+1"]
[EndTime "10:31:15 PDT"]
[Termination "Uživatel conysek zvítězil na čas"]

1. d4 e6 2. e4 c5 3. d5 exd5 4. exd5 d6 5. c4 Bf5 6. Bd3 Bg6 7. Ne2 Nf6 8. O-O Be7 9. Bf4 Nbd7 10. Bxg6 hxg6 11. Nbc3 Nh5 12. Bd2 a6 13. Ng3 Nxg3 14.
fxg3 Bf6 15. Qe2+ Ne5 16. Ne4 Qe7 17. Nxf6+ gxf6 18. b3 O-O-O 19. Qf2 f5 20. Bc3 Rde8 21.
Rfe1 Qc7 22. Rab1 Nd3 23. Rxe8+ Rxe8 24. Qd2 Ne5 25. b4 Nxc4 26. Qd3 Ne5 27. Qf1 c4 28.
Rc1 b5 29. a4 Ng4 30. axb5 axb5 31. h3 Qb6+ 32. Kh1 Ne3 33. Qf2 Nxd5 34. Bd4 Qb7 35. Ra1 Nc7 36. Ra7 Qd5 37. Bb6 Re7 38. Qa2 Qd1+ 39.
Kh2 c3 40. Bxc7 Rxc7 41. Qa6+ Kd8 42. Qb6 Kd7 43. Qxc7+ Ke6 44. Qe7+ Kd5 45. Qb7+ Kc4 46. Qc6+ Kb3 0-1

[Event "Betsys MČR v online bleskovém šachu 2021"]
[Site "Chess.com"]
[Date "2021.04.17"]
[Round "9"]
[White "DONSANMIGUEL"]
[Black "indebol"]
[Result "0-1"]
[WhiteElo "1797"]
[BlackElo "1560"]
[TimeControl "180+1"]
[EndTime "10:31:16 PDT"]
[Termination "Uživatel indebol zvítězil na čas"]

1. Nf3 Nf6 2. a4 g6 3. d3 Bg7 4. Nbd2 O-O 5. e3 d6 6. Be2 c5 7. h3 Nc6 8. Nf1 b6 9. Ng3 Bb7 10. Nh2 d5 11. Bd2 e5 12. Ng4 e4 13. Nxf6+ Bxf6 14. dxe4 dxe4 15. c3 Ne5 16. O-O Qc7 17. Qc2 Qc6 18.
Bb5 Qd5 19. Rad1 Nd3 20. a5 Rad8 21. a6 Ba8 22. b3 Rd6 23. c4 Qe6 24. Bc3 Bxc3 25. Qxc3 Rfd8 26. Ne2 f5 27. Nc1 Kf7 28. Nxd3 Rxd3 29. Qc2 Qd6 30. Rxd3 Qxd3 31. Qb2 Kg8 32. Qf6 Qd6 33. Qg5 Kg7 34. Qh4 h6 35. g4 g5 36.
Qh5 Qg6 37. Qxg6+ Kxg6 38. gxf5+ Kxf5 39. Kg2 h5 40. Rg1 Rd2 41. Kg3 h4+ 42. Kg2 Rd3 43. Rb1 g4 44. hxg4+ Kxg4 45. b4 cxb4 46. Rxb4 h3+ 47.
Kh2 Rd1 48. Bd7+ Kh4 49. Bxh3 Rd2 50. Kg2 Ra2 51. c5 Rxa6 52. cxb6 Rxb6 53. Rc4 Rg6+ 54. Kh2 a5 55. Rc8 Bd5 0-1

[Event "Betsys MČR v online bleskovém šachu 2021"]
[Site "Chess.com"]
[Date "2021.04.17"]
[Round "9"]
[White "domecek"]
[Black "nw_tynka"]
[Result "0-1"]
[WhiteElo "1969"]
[BlackElo "2183"]
[TimeControl "180+1"]
[EndTime "10:31:17 PDT"]
[Termination "Uživatel nw_tynka zvítězil na čas"]

1. d4 Nf6 2. Nf3 g6 3. g3 Bg7 4. Bg2 d5 5. O-O O-O 6. b3 c5 7. e3 Nc6 8. Bb2 Qb6 9. Nc3 cxd4 10. Na4 Qc7 11. exd4 Bf5 12. c4 dxc4 13. bxc4 Na5 14. c5 Rad8 15. Qe2 Nc6 16. Rfd1 Nd5 17. Rac1 Rfe8 18.
Qb5 Qd7 19. Nc3 Nxc3 20. Bxc3 Be6 21. d5 Bxd5 22. Bxg7 Kxg7 23. Nd4 Nxd4 24. Qxd7 Rxd7 25. Rxd4 e6 26. Bxd5 exd5 27. c6 bxc6 28. Rxc6 Re4 29.
Rcc4 Rxd4 30. Rxd4 g5 31. f4 gxf4 32. Rxf4 d4 33. Kf2 Rd5 34. Ke1 Ra5 35. Rf2 Ra3 36. Rd2 d3 37. Kf2 Kf6 38. Ke3 Ke5 39. h4 f5 40. Rf2 d2+ 41. Kxd2 Rxa2+ 42. Ke3 Rxf2 43.
Kxf2 Ke4 0-1

[Event "Betsys MČR v online bleskovém šachu 2021"]
[Site "Chess.com"]
[Date "2021.04.17"]
[Round "9"]
[White "PremetFugas"]
[Black "zdenav"]
[Result "0-1"]
[WhiteElo "2109"]
[BlackElo "1861"]
[TimeControl "180+1"]
[EndTime "10:31:20 PDT"]
[Termination "Uživatel zdenav zvítězil na čas"]

1. e4 e5 2. Bc4 Nf6 3. d3 d6 4. h3 c6 5. Qe2 Nbd7 6. Nc3 b5 7. Bb3 Nc5 8. Nf3 a5 9. a4 b4 10. Nb1 Nxb3 11. cxb3 Ba6 12. Qc2 c5 13. Be3 Be7 14.
Nbd2 O-O 15. Nc4 Ne8 16. O-O Bb7 17. Nfd2 Nc7 18. f4 exf4 19. Bxf4 Ne6 20. Rae1 d5 21. Ne3 Nxf4 22. Rxf4 dxe4 23. Nxe4 Rc8 24. Nf5 Bxe4 25.
Rfxe4 Bf6 26. Qe2 Rc7 27. Kh1 g6 28. Nh6+ Kg7 29. Ng4 Bd4 30. Qd2 f5 31. Qh6+ Kg8 32.
Rxd4 Qxd4 33. Ne5 Re7 34. Nf3 Rxe1+ 35. Nxe1 Qxb2 36. Qe3 Qd4 37. Qe6+ Rf7 38. Nf3 Qf6 39. Qc8+ Kg7 40. Qxc5 Re7 41. Qxa5 Qc3 42. Qd5 Qc1+ 43. Kh2 Qc7+ 44. Kh1 Rd7 45. Qb5 Qc1+ 46. Kh2 Qf4+ 47. Kh1 Qd6 0-1

[Event "Betsys MČR v online bleskovém šachu 2021"]
[Site "Chess.com"]
[Date "2021.04.17"]
[Round "9"]
[White "Simago"]
[Black "Hroch-hroch"]
[Result "1-0"]
[WhiteElo "2107"]
[BlackElo "2243"]
[TimeControl "180+1"]
[EndTime "10:31:22 PDT"]
[Termination "Uživatel Simago zvítězil na čas"]

1. e4 e5 2. Nf3 Nc6 3. Bb5 a6 4. Ba4 Nf6 5. d4 exd4 6. O-O Be7 7. e5 Ne4 8. Re1 Nc5 9. Bxc6 dxc6 10. Nxd4 O-O 11.
Nc3 g6 12. Bh6 Re8 13. h3 Ne6 14. Nf3 Qxd1 15. Raxd1 Ng7 16. Ne4 Bf5 17. g4 Be6 18. Nf6+ Bxf6 19. exf6 Bd5 20. Rxd5 cxd5 21. Bxg7 Rxe1+ 22. Nxe1 Re8 23. Kf1 c5 24. Ng2 h5 25. gxh5 gxh5 26.
Nf4 Re5 27. h4 c4 28. Bh6 b5 29.
c3 a5 30. Bg5 b4 31. Ne2 bxc3 32. bxc3 Re4 33. f3 Re8 34. Nf4 Rd8 35. Ne2 Rb8 36. Nc1 Rb2 37. Ke1 Kh7 38. Kd1 Kg6 39. Ne2 Rxa2 40.
Nf4+ Kf5 41. Nxd5 a4 42. Ne3+ Ke6 43. Nxc4 Rg2 44. Kc1 Rh2 45. Kb1 Rg2 46. Ka1 Rh2 47. Nb6 a3 48. Nc4 1-0

[Event "Betsys MČR v online bleskovém šachu 2021"]
[Site "Chess.com"]
[Date "2021.04.17"]
[Round "9"]
[White "Tynano"]
[Black "mendryxchess"]
[Result "0-1"]
[WhiteElo "1945"]
[BlackElo "1798"]
[TimeControl "180+1"]
[EndTime "10:31:22 PDT"]
[Termination "Uživatel mendryxchess zvítězil po vzdání soupeře"]

1. e4 c5 2. Nf3 e6 3. d4 cxd4 4. Nxd4 a6 5. Nc3 Qc7 6. Bd3 Nf6 7. Bd2 Bc5 8. Nb3 Be7 9. Qf3 Nc6 10. O-O-O b5 11.
Kb1 b4 12. Ne2 a5 13. Nbd4 Bb7 14. Nb5 Qb8 15. Bf4 e5 16. Bg3 Ba6 17. Nbd4 Nxd4 18. Nxd4 Bxd3 19. Rxd3 a4 20. Nf5 Bf8 21. Rhd1 a3 22.
b3 Qc7 23. Nd6+ Bxd6 24. Rxd6 Rc8 25. Qd3 Qc5 26. f4 exf4 27. Bxf4 O-O 28. Rxf6 gxf6 29.
Bh6 Qe5 30. Qg3+ Qxg3 31. hxg3 Rfd8 32. Rd6 Rc3 33. Rxf6 Rxg3 34. Rf2 Re8 35. Bf4 Rg4 36. e5 Rh4 37. Kc1 Rh1+ 38. Kd2 Ra1 39. Rf3 Rxa2 40.
Rg3+ Kf8 41. Bg5 Rb2 42. Rh3 Kg8 43. Bf6 a2 44. Rg3+ Kf8 45. Rg7 a1=Q 46. Rxh7 Rxc2+ 47. Kxc2 Qa2+ 48. Kd3 Qxb3+ 49. Ke4 Qc4+ 50. Kf3 Qf1+ 51. Kg3 Qd3+ 52. Kh4 Qxh7+ 53. Kg5 Qg6+ 54. Kf4 Re6 55. g4 Rxf6+ 56. exf6 Qxf6+ 0-1

[Event "Betsys MČR v online bleskovém šachu 2021"]
[Site "Chess.com"]
[Date "2021.04.17"]
[Round "9"]
[White "Zelezny1984"]
[Black "AJedlicka"]
[Result "1-0"]
[WhiteElo "2066"]
[BlackElo "2197"]
[TimeControl "180+1"]
[EndTime "10:31:24 PDT"]
[Termination "Uživatel Zelezny1984 zvítězil na čas"]

1. e4 c5 2. Nc3 Nc6 3. g3 g6 4.
Bg2 Bg7 5. d3 d6 6. Nh3 Nf6 7.
O-O O-O 8. f4 Rb8 9. Nf2 Nd4 10.
g4 b5 11. f5 b4 12. Ne2 Nxe2+ 13. Qxe2 a5 14. h4 a4 15. Rb1 Ba6 16. Bf3 b3 17.
axb3 axb3 18. c3 Nd7 19. h5 Ne5 20. Bg2 e6 21. hxg6 hxg6 22. c4 Bb7 23. Be3 exf5 24. gxf5 gxf5 25. exf5 Bxg2 26. Kxg2 Qd7 27. Ne4 f6 28.
Bf4 Kf7 29. Bxe5 dxe5 30. Nxc5 Qc6+ 31. Ne4 Rh8 32. Rh1 Rbg8 33. Kf2 Bh6 34. Ra1 Qb6+ 35. c5 Qb8 36. Qh5+ Ke7 37. Qf3 Bf4 38. Rxh8 Rxh8 39.
Rh1 Rxh1 40. Qxh1 Qb5 41. Qh7+ Kd8 42. Ke2 Qc6 43. Qh8+ Ke7 44. Qg7+ Kd8 45. Qxf6+ Qxf6 46. Nxf6 Ke7 47. Nd5+ Kd7 48. Nxf4 exf4 49. Kf3 Kc6 50. Kxf4 Kxc5 51. Kg5 Kd6 52. Kg6 Ke7 53. Kg7 Kd6 54. f6 1-0

[Event "Betsys MČR v online bleskovém šachu 2021"]
[Site "Chess.com"]
[Date "2021.04.17"]
[Round "9"]
[White "MichalTrhal"]
[Black "lockerbieQ"]
[Result "1-0"]
[WhiteElo "1928"]
[BlackElo "1731"]
[TimeControl "180+1"]
[EndTime "10:31:24 PDT"]
[Termination "Uživatel MichalTrhal zvítězil po vzdání soupeře"]

1. c4 e5 2. Nf3 Nc6 3. d4 exd4 4. Nxd4 Nxd4 5. Qxd4 Nf6 6. Nc3 Be7 7. g3 O-O 8. Bg2 c6 9. O-O d6 10. e4 Qc7 11. b3 a6 12. Bb2 b5 13. cxb5 axb5 14. Rac1 Qd7 15. Rfd1 Qe6 16. h3 c5 17. Qd2 b4 18. Nd5 Nxd5 19. exd5 Qg6 20. Ra1 Bf6 21. Re1 Bxb2 22. Qxb2 Bf5 23. a4 bxa3 24. Rxa3 Rxa3 25. Qxa3 Qh6 26. g4 Qd2 27. Qc1 Qxc1 28. Rxc1 Bd3 29. Re1 Rb8 30. Re3 Bc2 31. Re7 Kf8 32. Rd7 Bxb3 33.
Rxd6 c4 34. Rc6 Rd8 35. Kf1 Ke7 36. Rc7+ Rd7 37. Rc6 Rd6 38. Rc7+ Rd7 39. Rc5 Kd6 40. Rc6+ Ke5 41. Ke2 Kd4 42. Kd2 c3+ 43. Rxc3 Bxd5 44. Rd3+ Ke5 45. f4+ Ke6 46. f5+ Ke5 47. Ke3 Bc6 48.
Bxc6 Rxd3+ 49. Kxd3 Kf4 50. Ke2 Kg3 51. Bd5 f6 52. Bg8 h6 53. Bf7 Kxh3 54. Bh5 Kh4 55. Kf3 Kg5 56. Ke4 Kh4 57. Kd5 Kg5 58. Ke6 Kf4 59. Kf7 Ke5 60. Kxg7 1-0

[Event "Betsys MČR v online bleskovém šachu 2021"]
[Site "Chess.com"]
[Date "2021.04.17"]
[Round "9"]
[White "Kijonker"]
[Black "PaulS_CR"]
[Result "0-1"]
[WhiteElo "1468"]
[BlackElo "1835"]
[TimeControl "180+1"]
[EndTime "10:31:25 PDT"]
[Termination "Uživatel PaulS_CR zvítězil po vzdání soupeře"]

1. e4 e6 2. Nf3 d5 3. Nc3 d4 4. Ne2 c5 5. d3 Nc6 6. Bf4 Nf6 7. Ne5 Nxe5 8. Bxe5 Bd6 9. Bxd6 Qxd6 10. Ng3 e5 11. Be2 O-O 12. O-O b5 13. a3 Bd7 14. b4 a5 15. bxc5 Qxc5 16. Nh5 Nxh5 17. Bxh5 Rfc8 18. Ra2 Be6 19. Rb2 b4 20. axb4 axb4 21. Bg4 Bxg4 22. Qxg4 Qc3 23. Rfb1 Qxb2 24. Qxc8+ Rxc8 25. Rxb2 f6 26. f3 Rc3 27. Kf2 b3 28. cxb3 Rxd3 29. b4 Ra3 30. b5 Ra7 31. Ke2 Kf7 32. Kd3 Ke6 33.
Kc4 Rc7+ 34. Kb4 Kd7 35. b6 Rc1 36. Ka5 Kc8 37. b7+ Kb8 38. Kb6 Rc7 39. Ka6 d3 40. Rd2 Rc3 41. Kb6 Rb3+ 42. Kc6 h6 43. h3 Rxb7 44. Rxd3 Kc8 45. Rd2 Rc7+ 46. Kb6 Rc3 47. Kb5 Kc7 48. Kb4 Re3 49. Rc2+ Kd6 50. Rd2+ Ke7 51.
Kc4 h5 52. Kc5 g5 53. Kc6 Rc3+ 54. Kb5 Re3 55. Kc4 g4 56. Kc5 gxf3 57. gxf3 Rxf3 58. h4 Rf4 59. Kc6 Rxe4 60. Rd7+ Ke6 61. Rd6+ Kf5 62. Kd5 Rd4+ 63. Kc5 Rxd6 0-1